 Dungeon Crawl Stone Soup version 0.23.2-1-ga50397a (webtiles) character file.

Game seed: 15993456567203336951

724 whitewolfNL the Cudgeler (level 7, -1/67 HPs)
             Began as a Troll Berserker on Apr 16, 2019.
             Was a Priest of Trog.
             Slain by Situis's ghost (7 damage)
             ... on level 5 of the Dungeon.
             The game lasted 00:12:43 (2647 turns).

whitewolfNL the Cudgeler (Troll Berserker)          Turns: 2647, Time: 00:12:45

Health: -1/67      AC: 13    Str: 26    XL:     7   Next: 43%
Magic:  6/6        EV: 17    Int:  3    God:    Trog [***...]
Gold:   142        SH:  0    Dex: 16    Spells: 6/6 levels left

rFire    . . .     SeeInvis .   t - +2 mace (protect)
rCold    . . .     Gourm    +   (no shield)
rNeg     . . .     Faith    .   j - +0 robe
rPois    .         Spirit   .   (helmet restricted)
rElec    .         Reflect  .   (no cloak)
rCorr    .         Harm     .   (gloves unavailable)
MR       .....                  (boots unavailable)
Stlth    ++........             (no amulet)
HPRegen  0.61/turn              q - ring of attention (curse)
MPRegen  0.10/turn              (no ring)

@: agile, protection aura, berserk cooldown, slowed, very slow
A: large, unfitting armour, claws 3, fast metabolism 3, gourmand, regeneration
1, shaggy fur 1, tough skin 3
a: Berserk, Trog's Hand, Renounce Religion


You were on level 5 of the Dungeon.
You worshipped Trog.
Trog was most pleased with you.
You were very full.

You visited 1 branch of the dungeon, and saw 4 of its levels.

You collected 142 gold pieces.

Inventory:

Hand Weapons
 f - a +4 whip
 t - a +2 mace of protection (weapon)
 y - a +0 giant club
Missiles
 g - 6 tomahawks (quivered)
 i - 18 bolts
 o - 8 poisoned needles
Armour
 j - a +0 robe (worn)
Jewellery
 q - a cursed ring of attention (left claw)
Wands
 w - a wand of acid (5)
Scrolls
 a - a scroll of amnesia {unknown}
 d - 4 scrolls of enchant weapon
 e - a scroll of magic mapping {unknown}
 k - 2 scrolls of teleportation {unknown}
 p - a scroll of blinking {unknown}
 r - a scroll of fog {unknown}
 v - a scroll of remove curse {unknown}
Potions
 b - a potion of cancellation
 h - 2 potions of agility
 l - a potion of degeneration {unknown}
 m - a potion of curing {unknown}
 n - a potion of lignification {unknown}
 s - a potion of mutation
 x - a potion of berserk rage {unknown}
Comestibles
 c - 7 rations
 u - 5 chunks of flesh


   Skills:
 * Level 3.4 Fighting
 * Level 5.4 Maces & Flails
 * Level 2.0 Throwing
 * Level 4.0 Dodging
 * Level 1.3 Stealth
 * Level 0.8 Evocations


You had 6 spell levels left.
You didn't know any spells.
Your spell library was empty.

Dungeon Overview and Level Annotations

Branches:
Dungeon (3/15)             Temple (0/1) D:5

Altars:
Nemelex Xobeh
Ru
Vehumet

Annotations:
D:5 Situis's ghost, novice DrMo


Innate Abilities, Weirdness & Mutations

You are too large for most types of armour.
You have claws for hands.
Your metabolism is lightning-fast.
You like to eat raw meat.
Your natural rate of healing is unusually fast.
You are covered in fur. (AC +1)
You have extremely tough skin. (AC +3)


Message History

* * * LOW HITPOINT WARNING * * *
Situis's ghost freezes you.
* * * LOW HITPOINT WARNING * * *
The crimson imp blinks!
Situis's ghost misses you.
Aiming: Corrosive Bolt
Press: ? - help, Shift-Dir - straight line, f - Situis's ghost
Aim: Situis's ghost, wielding a weapon of freezing (moderately damaged)
The bolt of acid hits Situis's ghost.
Situis's ghost is splashed with acid.
Situis's ghost is heavily damaged.
The bolt of acid hits the river rat.
The river rat is splashed with acid.
The acid corrodes the river rat!
You kill the river rat!
Trog accepts your kill.
The bolt of acid hits the giant cockroach!
The giant cockroach is splashed with acid.
The acid corrodes the giant cockroach!
You kill the giant cockroach!
Trog accepts your kill. Situis's ghost hits you!
You die...

#.# ##.## #.# #...#
#.# ########### #...#
#.# #.........# #...#
#.# #.#.#.###.# #.###
#.###.#.#§###.# #.#
#............########
#####.#.#.##.#lw≈≈≈≈
#.#.#$#.@W5≈≈≈$≈
#........#≈≈≈≈≈≈
################


You could see a worm, Situis's ghost, a crimson imp and a leopard gecko.

Vanquished Creatures
  Sigmund (D:2)
  An ogre (D:5)
  A centaur (D:5)
  A bullfrog (D:5)
  A crimson imp (D:5)
  2 hounds (D:5)
  A gnoll shaman (D:5)
  Terence (D:2)
  3 adders
  6 gnolls
  A river rat (D:5)
  2 oozes (D:1)
  An adder skeleton (D:5)
  2 worms (D:2)
  2 leopard geckos
  An orc (D:3)
  2 ball pythons
  10 bats
  6 giant cockroaches
  12 hobgoblins
  8 jackals (D:2)
  7 kobolds
  3 frilled lizards
  5 goblins
  A leopard gecko skeleton (D:5)
  6 rats
87 creatures vanquished.

Notes
Turn   | Place    | Note
-------+----------+-------------------------------------------
     0 | D:1      | whitewolfNL the Troll Berserker began the quest for the
                  | Orb.
     0 | D:1      | Reached XP level 1. HP: 22/22 MP: 0/0
   152 | D:1      | Reached XP level 2. HP: 23/29 MP: 1/1
   323 | D:1      | Reached skill level 3 in Maces & Flails
   545 | D:1      | Reached XP level 3. HP: 36/36 MP: 2/2
   925 | D:2      | Noticed Terence
   927 | D:2      | Reached ** piety under Trog
   948 | D:2      | Killed Terence
  1081 | D:2      | Found a sacrificial altar of Ru.
  1134 | D:2      | Reached XP level 4. HP: 44/44 MP: 3/3
  1240 | D:2      | Noticed Sigmund
  1251 | D:2      | Killed Sigmund
  1251 | D:2      | Reached skill level 4 in Maces & Flails
  1251 | D:2      | Reached skill level 1 in Throwing
  1251 | D:2      | Reached XP level 5. HP: 45/53 MP: 4/4
  1414 | D:2      | Found a sparkling altar of Nemelex Xobeh.
  1464 | D:2      | Reached XP level 6. HP: 31/61 MP: 5/5
  1953 | D:3      | Reached *** piety under Trog
  2121 | D:3      | Reached skill level 1 in Stealth
  2166 | D:3      | You fall through a shaft for 2 floors!
  2166 | D:5      | Entered Level 5 of the Dungeon
  2236 | D:5      | Found a staircase to the Ecumenical Temple.
  2249 | D:5      | Reached skill level 5 in Maces & Flails
  2321 | D:5      | Reached XP level 7. HP: 67/67 MP: 6/6
  2470 | D:5      | Found a radiant altar of Vehumet.
  2600 | D:5      | Found a runed translucent door.
  2601 | D:5      | Noticed Situis's ghost (novice DrMo)
  2647 | D:5      | Slain by Situis's ghost

Skill      XL: |  1  2  3  4  5  6  7 |
---------------+----------------------+-----
Maces & Flails | 3 4 5 |  5.4
Fighting       | 3 |  3.4
Throwing       | 1 2 |  2.0
Dodging        | 3 4 |  4.0
Stealth        | 1 |  1.3
Evocations     | |  0.8

Action                   |  1- 3 |  4- 6 |  7- 9 || total
-------------------------+-------+-------+-------++-------
Melee: Mace              |    43 |    60 |    59 ||   162
       Whip              |    58 |   122 |       ||   180
Invok: Berserk           |     1 |     2 |     2 ||     5
Evoke: Wand              |       |       |     1 ||     1
  Use: Scroll            |       |     4 |       ||     4
       Potion            |       |       |     1 ||     1
 Stab: Sleeping          |       |     3 |       ||     3
  Eat: Chunk             |    17 |    13 |     4 ||    34
Armor: Animal skin       |    51 |    14 |       ||    65
       Robe              |       |    86 |    27 ||   113
Dodge: Dodged            |    79 |   118 |    33 ||   230
